 Dungeon Crawl Stone Soup version 0.14-a0-3167-gc8df72d (webtiles) character file.

338 HOllOWCh4rg3 the Insei (level 5, 0/38 (42) HPs)
             Began as a Demonspawn Monk on Mar 10, 2014.
             Succumbed to drjones' ghost's sting
             ... on Level 4 of the Dungeon.
             The game lasted 00:14:29 (5030 turns).

HOllOWCh4rg3 the Insei (Demonspawn Monk)            Turns: 5030, Time: 00:14:30

HP   0/38 (42)   AC  4     Str 11      XL: 5   Next: 76%
MP   5/5         EV 14     Int 11      God:
Gold 103         SH  0     Dex 19      Spells:  0 memorised,  4 levels left

rFire  . . .     SeeInvis .       - Unarmed
rCold  + . .     Clarity  .     i - +0 robe (curse)
rNeg   . . .     Conserve .     (no shield)
rPois  .         rCorr    .     (helmet restricted)
rElec  .         rRot     .     h - +2 cloak
SustAb . .       Spirit   .     (no gloves)
rMut   .         Warding  .     (no boots)
Saprov . . .     Rnd*Tele +     (no amulet)
MR     .....                    (no ring)
                                (no ring)

@: confused, lethally poisoned, not resistant to hostile enchantments,
unstealthy
A: antennae 1, thin skeletal structure 1, cold resistance 1, deformed body,
teleportitis 1, wild magic 1
a: no special abilities


You were on level 4 of the Dungeon.
You were very hungry.

You visited 1 branch of the dungeon, and saw 4 of its levels.

You collected 103 gold pieces.

Inventory:

Armour
 h - a +2 cloak (worn)
 i - a cursed +0 robe (worn)
 j - a +0 ring mail
Comestibles
 b - 3 bread rations
 o - a snozzcumber
Scrolls
 a - a scroll of noise {unknown}
 d - a scroll of fog
 f - 3 scrolls of identify
Jewellery
 e - an uncursed ring of poison resistance


   Skills:
 + Level 4.0 Fighting
 + Level 3.8 Dodging
 - Level 1.7 Stealth
 * Level 5.2 Unarmed Combat


You had 4 spell levels left.
You didn't know any spells.

Dungeon Overview and Level Annotations

Branches:
Dungeon (4/16)
 Temple: D:4-7

Altars:
Ashenzari

Annotations:
D:4 drjones' ghost, average HEVM


Innate Abilities, Weirdness & Mutations

You have a pair of small antennae on your head.
You have a somewhat thin skeletal structure (Dex +2, Stlth).
Your flesh is cold resistant.
Armour fits poorly on your strangely shaped body.
Space occasionally distorts in your vicinity.
Your spells are a little harder to cast, but a little more powerful.


Message History

You feel sick.
You closely miss drjones' ghost.
Drjones' ghost is moderately damaged.
You are engulfed in noxious fumes.
You choke on the stench!
You are more confused.
* * * LOW HITPOINT WARNING * * *
You feel sick.
The hound is engulfed in noxious fumes.
The hound appears confused.
Drjones' ghost hits you.
* * * LOW HITPOINT WARNING * * *
Ouch!
* * * LOW HITPOINT WARNING * * *
You feel sick.
The hound is engulfed in noxious fumes.
The hound appears confused.
Drjones' ghost points at you and mumbles some strange words.
The sting hits you!
You are more poisoned.
* * * LOW HITPOINT WARNING * * *
The hound is engulfed in noxious fumes.
The hound appears confused.
Ouch! You die...

#.#.###.......# #.#
###.#......#########.####
#.......#..#####........#
#.......#......#........#
#..............#........#
#...<...#......#h...<...#
....§p.?##.....§........#
..§§§§..##....§#p.......#
..§§§%..##.h#§.#@.......#
.##.....##.....####.#####
. ####..# .#.#. #.# ..#.
p... #.# ..# ## #. .# ...
#. .... . ....# ###.


You could see a hound (confused) and drjones' ghost.

Vanquished Creatures
  An orc wizard (D:3)
  Terence (D:3)
  6 adders
  4 gnolls (D:2)
  A giant mite (D:3)
  A worm (D:3)
  3 giant geckos
  4 oozes
  9 orcs
  5 bats
  6 giant cockroaches
  5 hobgoblins
  5 jackals
  5 kobolds
  3 ball pythons
  5 giant newts
  11 goblins
  7 rats
82 creatures vanquished.

Notes
Turn   | Place    | Note
--------------------------------------------------------------
     0 | D:1      | HOllOWCh4rg3, the Demonspawn Monk, began the quest for the Orb.
     0 | D:1      | Reached XP level 1. HP: 18/18 MP: 1/1
   562 | D:1      | Gained mutation: Your flesh is cold resistant. [demonic ancestry]
   562 | D:1      | Reached XP level 2. HP: 16/24 MP: 2/2
  1466 | D:1      | Reached skill level 4 in Unarmed Combat
  1566 | D:2      | Reached XP level 3. HP: 19/29 MP: 3/3
  1866 | D:2      | Found a shattered altar of Ashenzari.
  2691 | D:2      | Gained mutation: You have a pair of small antennae on your head. [demonic ancestry]
  2691 | D:2      | Reached XP level 4. HP: 35/35 MP: 4/4
  3614 | D:3      | Noticed Terence
  3673 | D:3      | Gained mutation: You have a somewhat thin skeletal structure (Dex +2, Stlth). [demonic ancestry]
  3673 | D:3      | Reached XP level 5. HP: 39/42 MP: 5/5
  4017 | D:3      | Reached skill level 5 in Unarmed Combat
  4287 | D:3      | Gained mutation: Space occasionally distorts in your vicinity. [potion of mutation]
  4287 | D:3      | Gained mutation: Armour fits poorly on your strangely shaped body. [potion of mutation]
  4287 | D:3      | Gained mutation: Your spells are a little harder to cast, but a little more powerful. [potion of mutation]
  4319 | D:3      | Killed Terence
  4869 | D:4      | Noticed drjones' ghost (average HEVM)
  5029 | D:4      | HP: 1/38 [drjones' ghost/sting (4)]
  5030 | D:4      | Succumbed to drjones' ghost's sting

Action                   |  1- 3 |  4- 6 || total
-------------------------+-------+-------++-------
Melee: Unarmed           |   187 |   253 ||   440
  Use: Scroll            |     4 |     4 ||     8
       Potion            |       |     6 ||     6
 Stab: Sleeping          |     1 |     8 ||     9
       Distracted        |       |     1 ||     1
